 Dungeon Crawl Stone Soup version 0.21.1-1-g345015fe64 (webtiles) character file.

847 dellamorte the Insei (level 8, -1/51 HPs)
             Began as an Octopode Transmuter on Apr 28, 2018.
             Slain by a phantom (6 damage)
             ... on level 5 of the Dungeon.
             The game lasted 00:10:44 (5087 turns).

dellamorte the Insei (Octopode Transmuter)          Turns: 5087, Time: 00:10:45

Health: -1/51      AC:  2    Str: 10    XL:     8   Next: 0%
Magic:  10/12      EV: 21    Int: 15    God:
Gold:   174        SH:  0    Dex: 19    Spells: 3/13 levels left

rFire    . . .     SeeInvis .     - Unarmed
rCold    . . .     Gourm    .   (shield currently unavailable)
rNeg     . . .     Faith    .   (helmet currently unavailable)
rPois    x         Spirit   .   (no amulet)
rElec    .         Reflect  .   j - ring of stealth
rCorr    .         Harm     .   (no ring)
MR       .....                  (no ring)
Stlth    ++++......             (no ring)
HPRegen  0.17/turn              (no ring)
MPRegen  0.13/turn              (no ring)
                                (no ring)
                                (no ring)

@: spider-form (expiring)
A: tiny, almost no armour, stealthy swim, (amphibious), 8 rings, (constrict 8)
a: End Transformation


You were on level 5 of the Dungeon.
You were not hungry.
You were a venomous arachnid creature.
You visited 1 branch of the dungeon, and saw 5 of its levels.

You collected 174 gold pieces.

Inventory:

Hand Weapons
 b - a +2 shortbow of velocity (melded)
Missiles
 a - 42 arrows
Jewellery
 j - a ring of stealth (left front leg)
Scrolls
 d - 3 scrolls of teleportation
 f - a scroll of blinking {unknown}
 i - 2 scrolls of enchant weapon
 l - a scroll of fear
 m - a scroll of remove curse
 p - a scroll of noise {unknown}
 t - a scroll of identify
Potions
 e - 2 potions of lignification {unknown}
 g - 4 potions of curing {unknown}
 h - a potion of heal wounds
 k - a potion of ambrosia {unknown}
 o - a potion of magic {unknown}
 q - a potion of mutation {unknown}
 s - a potion of haste {unknown}
 u - a potion of invisibility
Books
 n - a book of Changes

   Spells                             Type                      Level
   a - Beastly Appendage              Transmutation                1
   b - Sticks to Snakes               Transmutation                2
   c - Spider Form                    Transmutation/Poison         3
   d - Ice Form                       Ice/Transmutation            4
   e - Blade Hands                    Transmutation                5
 r - a book of Necromancy

   Spells                             Type                      Level
   a - Pain                           Necromancy                   1
   b - Animate Skeleton               Necromancy                   1
   c - Vampiric Draining              Necromancy                   3
   d - Regeneration                   Charms/Necromancy            3
   e - Animate Dead                   Necromancy                   4
   f - Borgnjor's Vile Clutch         Necromancy/Earth             5
Comestibles
 c - 13 rations


   Skills:
 + Level 2.6 Fighting
 + Level 1.9 Bows
 + Level 3.2 Dodging
 + Level 3.2 Stealth
 + Level 5.4 Unarmed Combat
 * Level 3.2 Spellcasting
 * Level 3.8 Transmutations
 - Level 2.0 Ice Magic
 + Level 1.8 Poison Magic


You had 3 spell levels left.
You knew the following spells:

 Your Spells              Type           Power        Failure   Level  Hunger
a - Beastly Appendage     Tmut           ##....       13%         1    #......
b - Sticks to Snakes      Tmut           ##......     17%         2    ##.....
c - Spider Form           Tmut/Pois      ##........   38%         3    ###....
d - Ice Form              Ice/Tmut       ##......     71%         4    #####..


Dungeon Overview and Level Annotations

Branches:
Dungeon (5/15)
 Temple: D:4-7

Altars:
Elyvilon
Fedhas

Annotations:
D:2 Sigmund


Innate Abilities, Weirdness & Mutations

You cannot wear most types of armour.
You are very stealthy in the water. (Stealth+)
((You are amphibious.))
You can wear up to eight rings at the same time.
((You can use your tentacles to constrict eight enemies at once.))
((Your skin changes colour to match your surroundings (Stealth+).))
((Your rubbery body absorbs attacks. (AC +1, EV +1)))


Message History

You hit the phantom but do no damage.
The phantom is severely damaged.
The phantom hits you.
You hit the phantom.
The phantom is severely damaged.
The phantom hits you!
* * * LOW HITPOINT WARNING * * *
The phantom blinks!
a - 41 arrows (gained 6)
The phantom blinks!
a - 42 arrows (gained 1)
Your transformation is almost over.
You bite the phantom!
The phantom is almost destroyed.
The phantom hits you!
* * * LOW HITPOINT WARNING * * *
You miss the phantom.
The phantom is almost destroyed.
The phantom hits you.
You die...

.......## #..#..##.#
........####...#.##.#
........+...........#
........####...#.####
.......## ##.##.#
#.....## #######.#
##...## ........#
##'## #######W# #.#
#s# #.# #####.# ##.##
#.....# ##...##
#(###.# #.....# ..#
##...## ###
###.######
...........
###.#######


You could see a phantom.

Vanquished Creatures
  A phantom (D:2)
  The ghost of hofbold the Skirmisher, an amateur OpBe of Trog (D:3)
  A centaur (D:5)
  A bullfrog (D:2)
  2 scorpions
  An orc priest (D:3)
  A hound (D:4)
  5 orc wizards
  2 worker ants (D:4)
  4 adders
  2 oozes
  2 adder zombies (D:5)
  3 dart slugs
  2 worms
  A leopard gecko (D:1)
  14 orcs
  3 ball pythons
  8 bats
  5 giant cockroaches
  10 goblins
  6 hobgoblins
  7 jackals (D:2)
  6 kobolds
  2 quokkas (D:2)
  A frilled lizard (D:1)
  A quokka zombie (D:5)
  8 rats
100 creatures vanquished.

Vanquished Creatures (collateral kills)
  An orc wizard (D:4)
  2 adders (D:2)
  A leopard gecko (D:4)
  An orc (D:4)
  A ball python (D:3)
  A hobgoblin (D:2)
7 creatures vanquished.

Grand Total: 107 creatures vanquished

Notes
Turn   | Place    | Note
-------+----------+-------------------------------------------
     0 | D:1      | dellamorte the Octopode Transmuter began the quest for the Orb.
     0 | D:1      | Reached XP level 1. HP: 13/13 MP: 3/3
   128 | D:1      | Reached XP level 2. HP: 15/18 MP: 3/5
   320 | D:1      | Reached XP level 3. HP: 23/23 MP: 6/6
   612 | D:1      | Learned a level 2 spell: Sticks to Snakes
   616 | D:1      | Learned a level 3 spell: Spider Form
   786 | D:2      | Noticed a phantom
   803 | D:2      | HP: 1/23 [bat (1)]
  1531 | D:2      | Reached skill level 1 in Stealth
  1531 | D:2      | Reached XP level 4. HP: 21/28 MP: 5/7
  1584 | D:2      | Noticed Sigmund
  1606 | D:2      | Reached skill level 4 in Unarmed Combat
  1614 | D:2      | Reached skill level 1 in Poison Magic
  1788 | D:2      | Noticed a bullfrog
  1805 | D:2      | Killed a bullfrog
  1805 | D:2      | Reached XP level 5. HP: 16/34 MP: 6/8
  1961 | D:2      | Killed a phantom
  1961 | D:2      | Reached XP level 6. HP: 18/39 MP: 2/9
  2413 | D:3      | Noticed hofbold's ghost (amateur OpBe)
  2697 | D:3      | Learned a level 4 spell: Ice Form
  2803 | D:3      | Reached skill level 5 in Unarmed Combat
  2891 | D:3      | Found a blossoming altar of Fedhas.
  2941 | D:3      | Found a white marble altar of Elyvilon.
  3028 | D:4      | Reached XP level 7. HP: 41/45 MP: 11/11
  3161 | D:4      | Reached skill level 1 in Ice Magic
  4175 | D:3      | Killed hofbold's ghost
  4488 | D:5      | Entered Level 5 of the Dungeon
  4498 | D:5      | Reached skill level 1 in Bows
  4939 | D:5      | Reached XP level 8. HP: 33/51 MP: 12/12
  5087 | D:5      | Slain by a phantom

Skill      XL: |  1  2  3  4  5  6  7 |
---------------+----------------------+-----
Stealth        | 1 2 3 |  3.2
Unarmed Combat | 4 5 |  5.4
Poison Magic   | 1 |  1.8
Fighting       | 2 |  2.6
Dodging        | 3 |  3.2
Transmutations | 3 |  3.8
Ice Magic      | 2 |  2.0
Spellcasting   | 3 |  3.2
Bows           | 1 |  1.9

Action                   |  1- 3 |  4- 6 |  7- 9 || total
-------------------------+-------+-------+-------++-------
Melee: Unarmed           |    83 |    96 |    50 ||   229
       Constrict         |    17 |    15 |     7 ||    39
       Tentacles         |     6 |     9 |     4 ||    19
       Kick              |     5 |     7 |       ||    12
       Punch             |     3 |     2 |     3 ||     8
 Fire: Shortbow          |       |       |    58 ||    58
 Cast: Beastly Appendage |     8 |     6 |     1 ||    15
       Spider Form       |     2 |     5 |     6 ||    13
       Sticks to Snakes  |     2 |     3 |     2 ||     7
  Use: Potion            |       |     1 |       ||     1
       Scroll            |       |       |     7 ||     7
 Stab: Sleeping          |     6 |     5 |       ||    11
       Distracted        |       |     1 |     1 ||     2
  Eat: Chunk             |     2 |     6 |     7 ||    15
Armor: Skin              |     5 |     3 |     3 ||    11
Dodge: Dodged            |    66 |    62 |    52 ||   180
